[Event "DFMM-LV 2023"]
[Site "Braunfels"]
[Date "2023.06.11"]
[Round "5.24"]
[White "Albayrak, Aylin"]
[Black "Kaulfuss, Christa"]
[Result "1-0"]
[Annotator "NA RC COMBH"]
[ECO "A40"]
[WhiteElo "1690"]
[BlackElo "1714"]
[PlyCount "55"]
[EventDate "2023.06.09"]
[EventType "team-tourn"]
[EventCountry "GER"]
[SourceTitle "playchess.com"]
[Source "ChessBase"]
[SourceQuality "1"]
[TimeControl "40/5400+30:1800+30"]

1. d4 Nc6 2. c4 e5 3. d5 Nce7 4. Bg5 h6 5. Bd2 Ng6 6. Nc3 Nf6 7. Qc2 Bb4 8. e3 Qe7 9. Bd3 Bxc3 10. Bxc3 Nf8 11. e4 d6 12. Ne2 Ng6 13. h4 h5 14. O-O-O Ng4 15. Ng3 Nxh4 16. Nf5 Nxf5 17. exf5 Bd7 18. Rde1 O-O-O 19. f4 f6 20. Bb4 Kb8 21. c5 b6 22. c6 Bc8 23. Qa4 Nf2 24. Ba6 Ka8 25. Re3 Nxh1 26. Bxc8 Rxc8 27. Qa6 Rb8 28. Ra3 1-0

[Event "DFMM-LV 2023"]
[Site "Braunfels"]
[Date "2023.06.11"]
[Round "5.25"]
[White "Roessler, Ulrike"]
[Black "Hund, Sarah"]
[Result "1/2-1/2"]
[Annotator "TA"]
[ECO "B40"]
[WhiteElo "2176"]
[BlackElo "1977"]
[PlyCount "135"]
[EventDate "2023.06.09"]
[EventType "team-tourn"]
[EventCountry "GER"]
[SourceTitle "playchess.com"]
[Source "ChessBase"]
[SourceQuality "1"]
[TimeControl "40/5400+30:1800+30"]

1. e4 c5 2. b3 e6 3. Bb2 a6 4. Nf3 Nc6 5. d4 cxd4 6. Nxd4 Qf6 {[%emt 0:00:26] B40: Sicilian: 2...e6, Unusual lines.} 7. Be2 Bc5 8. c3 Nge7 9. O-O O-O 10. Qd2 e5 11. Nxc6 dxc6 {[%emt 0:02:10] [#]} 12. b4 $146 (12. Ba3 $11 Bxa3 13. Nxa3) ({Predecessor:} 12. Ba3 Bxa3 13. Nxa3 Be6 14. Qe3 Rad8 15. Rad1 Ng6 16. g3 Qe7 17. Nc2 Rxd1 18. Rxd1 {½-½ Labiano Hernandez,J (2210)-Quispe Arteaga,G (2392) ESP-ch U18 Salobrena 2021 (6)}) 12... Ba7 $15 13. c4 Ng6 14. c5 Nf4 15. Bf3 {[%emt 0:22:11] [#]} (15. g3 $142 Nh3+ {[%mdl 64] Deflection} 16. Kh1) 15... Bh3 $1 $17 16. Qd6 (16. Qc2 Qg5) 16... Qg5 (16... Qxd6 $17 17. cxd6 Nd3) 17. Qxe5 $15 f5 18. Qxg7+ $1 Qxg7 19. Bxg7 Kxg7 20. gxh3 Nxh3+ 21. Kg2 Ng5 22. Nc3 Rae8 (22... a5 $11) 23. Rae1 Nxf3 24. Kxf3 fxe4+ 25. Kg2 Rf4 26. Re3 Kf6 27. Rd1 Re7 28. Rd8 (28. Rd4 {simplifies} Ke5 29. Rexe4+ Rxe4 30. Rxe4+ Kf6 31. f4) 28... a5 29. a3 $18 (29. bxa5 Bxc5 30. Rf8+ Ke5 31. Rxf4 Kxf4 $15) 29... Ke5 30. Ne2 (30. bxa5 Bxc5 31. Re2 Bxa3 $17) 30... Rf6 (30... Rf3 $16) 31. Ng3 (31. bxa5 $2 Bxc5 32. f4+ Rxf4 33. Nxf4 Bxe3 $19) 31... Rf4 32. Ne2 (32. bxa5 Bxc5 33. Re2 Bxa3 $15) 32... Rf6 33. Rd4 (33. bxa5 $2 Bxc5 34. f4+ Rxf4 35. Nxf4 Bxe3 $19) (33. Rh3 $18) 33... Rg6+ (33... Rf4 $1 $14) 34. Kf1 $16 Rg4 {[%emt 0:00:30] [#]} (34... Kf6 $16 35. Rd8 (35. Rexe4 Rxe4 36. Rxe4 axb4 $16) 35... b6) 35. f3 (35. bxa5 $2 Bxc5 36. Rd8 Bxe3 37. fxe3 Rh4 $19) (35. Rd8 $1 $18) 35... Rf4 {[%emt 0:00:30][%mdl 64] Deflection} 36. Rdxe4+ Rxe4 37. Rxe4+ {[%emt 0:00:00][%mdl 4096] Endgame KRB-KRN} Kf6 38. Rf4+ (38. bxa5 Rxe4 39. fxe4 Bxc5 $17) 38... Ke5 39. Re4+ (39. bxa5 Bxc5 40. a4 Ba3 $11) 39... Kf6 40. Rf4+ (40. bxa5 Rxe4 41. fxe4 Bxc5 $17) (40. Rxe7 $14 Kxe7 41. Kf2 (41. bxa5 Bxc5 42. a4 Bb4 $11)) 40... Ke5 $1 41. Rh4 ({Reject} 41. bxa5 $6 Bxc5 42. a4 Ba3 $11) ({White should try} 41. Rd4 $16) 41... axb4 42. axb4 Bb8 43. Kf2 {[%emt 0:00:30] White is more active.} Bc7 44. Ng3 b6 ({Black should play} 44... Kd5) 45. Rh5+ Ke6 46. Ne4 bxc5 47. bxc5 (47. Nxc5+ $16 Kf6 48. Rh6+ Ke5 49. Rxc6) 47... Be5 $14 48. Ke3 {Hoping for f4.} Ra7 49. h4 Ra3+ {[%emt 0:00:00] The position is equal.} 50. Ke2 Ra2+ 51. Kd3 {[%emt 0:00:00] With the idea Ng5+.} Ra3+ 52. Kc4 {[%emt 0:00:00] Strongly threatening Ng5+.} Ra4+ 53. Kb3 Ra7 54. Kb4 Bf4 $1 55. Ng5+ Bxg5 $1 56. Rxg5 $11 {[%emt 0:00:00] KR-KR} Rb7+ ({Resist} 56... Rf7 57. Rh5 $16) 57. Kc4 Rf7 58. Rh5 {[%emt 0:00:00] And now Rh6+ would win.} Rf4+ 59. Kc3 Rxf3+ 60. Kb4 Rf7 61. Ka5 {[%emt 0:02:57] Kb6 is the strong threat.} Rb7 $1 62. Ka6 Rb5 63. Rxh7 Rxc5 64. Kb6 Rc4 65. h5 Kf6 66. Rh6+ Kg5 67. Rxc6 Rxc6+ 68. Kxc6 {[%emt 0:00:30] Both players deserved the win here.   Weighted Error Value: White=0.30/Black=0.20 (precise)} 1/2-1/2

[Event "DFMM-LV 2023"]
[Site "Braunfels"]
[Date "2023.06.11"]
[Round "5.26"]
[White "Novikova, Margarita"]
[Black "Korenova, Martina"]
[Result "1/2-1/2"]
[Annotator "TA"]
[ECO "C54"]
[WhiteElo "1985"]
[BlackElo "2151"]
[PlyCount "64"]
[EventDate "2023.06.09"]
[EventType "team-tourn"]
[EventCountry "GER"]
[SourceTitle "playchess.com"]
[Source "ChessBase"]
[SourceQuality "1"]
[TimeControl "40/5400+30:1800+30"]

1. e4 e5 2. Nf3 Nc6 3. Bc4 Bc5 4. d3 Nf6 5. O-O d6 6. c3 O-O 7. h3 a6 {[%emt 0:05:37] 7...a5 is becoming the main line.} 8. a4 {[%emt 0:07:55] C54: Giuoco Piano: 4 c3 Nf6, main lines with 5 d4 and 5 d3.} Ne7 9. b4 Bb6 10. Qb3 Ng6 {[%emt 0:02:14] [#]} 11. Be3 $146 (11. a5 $11 Ba7 12. Re1) ({Predecessor:} 11. Kh2 c6 12. Bxf7+ Rxf7 13. Ng5 d5 14. exd5 cxd5 15. Nxf7 {½-½ Adiyaman,R (1881)-Wichtrup,J (1700) Ruhrgebiet Verbandsliga1 1213 2012 (9)}) 11... c6 $15 {[%emt 0:01:59] [#] White must now prevent ...Bxe3.} 12. a5 $2 ({White should play} 12. Bxb6 $15 Qxb6 13. Nbd2) 12... Bc7 $2 ({Black should try} 12... Bxe3 $19 13. Bxf7+ (13. fxe3 $2 {is the wrong capture.} d5 $19) 13... Rxf7 14. fxe3 h6) 13. Qc2 d5 14. Bb3 h6 15. Rd1 Re8 (15... Be6 $17) 16. Nbd2 Be6 17. d4 Qc8 {[%emt 0:05:13][%cal Oe6h3] [#] ...Bxh3! is the strong threat.} (17... exd4 {feels hotter.} 18. exd5 Nxd5 19. Nxd4 Nxe3 20. fxe3 Bxb3 21. N4xb3 Rxe3 22. Nc4 Qg5) 18. dxe5 $1 Nxe4 19. Nxe4 {[%emt 0:01:11] aiming for Ng3.} dxe4 20. Bxe6 Qxe6 21. Qxe4 Nxe5 22. Bd4 Nxf3+ (22... f5 {simplifies} 23. Qf4 Nxf3+ 24. Qxf3 Rad8) 23. Qxf3 Rad8 24. Qg4 Qxg4 25. hxg4 Rd5 26. Re1 Re6 27. Rxe6 fxe6 $11 {[%emt 0:00:06] KRB-KRB. The position is equal.} 28. Re1 Kf7 29. Kf1 Bd6 30. Rb1 e5 31. Be3 Be7 32. Ke2 Ke6 {[%emt 0:00:55] Weighted Error Value: White=0.32/Black=0.21 (precise) .  Loses game:     	White=1     	---        Missed win:     	---       	Black=1      Mistake:       	White=1     	Black=1      Inaccurate:     	White=4     	Black=2      OK:         	White=4     	Black=9      Best:        	White=1     	---        Strong:       	White=1     	---        Brilliant:      	---       	---} 1/2-1/2

[Event "DFMM-LV 2023"]
[Site "Braunfels"]
[Date "2023.06.11"]
[Round "5.28"]
[White "Haug, Mara"]
[Black "Just, Anita"]
[Result "1/2-1/2"]
[Annotator "TA"]
[ECO "C00"]
[WhiteElo "1754"]
[BlackElo "1910"]
[PlyCount "120"]
[EventDate "2023.06.09"]
[EventType "team-tourn"]
[EventCountry "GER"]
[SourceTitle "playchess.com"]
[Source "ChessBase"]
[SourceQuality "1"]
[TimeControl "40/5400+30:1800+30"]

1. e4 e6 2. Nf3 d5 3. Nc3 d4 4. Ne2 c5 5. c3 Nc6 6. cxd4 cxd4 7. Qa4 Bc5 8. b4 Bxb4 9. Nexd4 ({Much weaker is} 9. Nfxd4 Nge7 $11) 9... Qa5 {[%emt 0:07:20] C00: French: Unusual White 2nd moves.} 10. Qxa5 Nxa5 11. Nb5 {[%emt 0:01:30] [#]} Kd8 $146 {[%emt 0:05:01] Repels Nc7} (11... Kf8 $14) ({Predecessor:} 11... Ke7 12. a3 Bc5 13. d4 Bb6 14. Bd2 g6 15. Ne5 Nc6 16. Nc4 Nf6 17. Nxb6 axb6 {½-½ Musaeva,A-Ertel,S RUS-chJ U18 (Women) 2000}) 12. Bb2 (12. Rb1 $18 Nc6 13. Ne5 Nxe5 14. Rxb4) 12... f6 13. e5 a6 14. Nbd4 Bd7 15. Be2 Rc8 16. O-O Ke7 17. a3 Bc5 18. Rab1 Nc6 19. Nb3 Ba7 20. Rfc1 Nh6 (20... Nxe5 $14 {deserves consideration.} 21. Nxe5 fxe5) 21. exf6+ gxf6 22. Nc5 Bxc5 23. Rxc5 Nf7 24. Rbc1 {[%emt 0:06:04] White has more active pieces.} (24. a4 $16) 24... Rhg8 (24... Nd6 $14) 25. Kh1 ({White should play} 25. Rh5 $16) 25... Nd6 (25... Na7 {simplifies} 26. a4 Rxc5 27. Rxc5 Rc8) 26. Bd3 f5 27. Re1 Rg4 ({Better is} 27... b6 28. Rd5 Ne4 29. Bxe4 exd5 30. Bxd5+ Kd6 31. Bxg8 Rxg8) 28. Bxf5 $16 Nxf5 29. Rxf5 Rcg8 {[%emt 0:01:16] Black is weak on the dark squares} 30. g3 {[%emt 0:00:38] And now Rh5 would win.} Rf8 {[%emt 0:00:44] Wards off Rh5} 31. Rxf8 Kxf8 32. h3 (32. Kg2 $142) 32... Rg6 (32... Rc4 $142) 33. Kg1 Ke8 34. h4 Kd8 (34... h6 $16 {might work better.} 35. d3 Kf7) 35. Re3 Kc7 36. Rd3 Be8 (36... h6 $16 {was worth a try.} 37. Ne5 Nxe5 38. Bxe5+ Kd8) 37. Kh2 h6 38. Rc3 Kb8 39. Re3 Bd7 40. Kg1 Kc8 41. Rd3 Rg4 42. Kf1 Be8 43. Ke1 Bg6 44. Rc3 Kd8 45. Kd1 Be4 46. Re3 {[%emt 0:02:28] [#] Threatens to win with Nh2.} Bd5 47. Ne5 Nxe5 48. Bxe5 {[%emt 0:02:50][%mdl 4096] Endgame KRB-KRB} Kd7 49. Bf4 h5 50. Rc3 Bc6 51. Rc5 Rg8 52. Ke1 (52. Rxh5 $2 {too greedy.} Bf3+ 53. Kc2 Bxh5 $19) 52... Rh8 53. Rg5 Rh7 54. Rg6 Bf3 55. d4 Bd5 56. Kd2 Kc6 57. Kc3 Kb5 {[%emt 0:00:46] [#]} 58. Rh6 $1 Rxh6 59. Bxh6 Kc6 (59... Ka4 $11) 60. Kd3 Kd7 {[%emt 0:05:12] Black defended with fortune.   Weighted Error Value: White=0.18 (very precise) /Black=0.22 (precise)} 1/2-1/2

[Event "DFMM-LV 2023"]
[Site "Braunfels"]
[Date "2023.06.11"]
[Round "5.29"]
[White "Daemering, Katrin"]
[Black "Wellenreich, Jenni"]
[Result "1-0"]
[Annotator "TA"]
[ECO "B43"]
[WhiteElo "1944"]
[BlackElo "1828"]
[PlyCount "79"]
[EventDate "2023.06.09"]
[EventType "team-tourn"]
[EventCountry "GER"]
[SourceTitle "playchess.com"]
[Source "ChessBase"]
[SourceQuality "1"]
[TimeControl "40/5400+30:1800+30"]

1. e4 c5 2. Nf3 e6 3. d4 cxd4 4. Nxd4 a6 5. Nc3 Qc7 6. a3 Nf6 7. g3 {[%emt 0:03:17] 7.f4 gains popularity. B43: Sicilian: Kan Variation: 5 Nc3.} Nc6 8. Nb3 Be7 9. Bg2 {[%emt 0:01:08] The position is equal.} O-O 10. O-O d6 11. f4 {[%emt 0:04:29] [#]} Rd8 $146 ({Predecessor:} 11... Rb8 12. Be3 b5 13. Qe2 Bb7 14. g4 Nd7 15. Qf2 Na5 16. Nxa5 Qxa5 17. g5 Rfe8 {½-½ Soukal,R (2199)-Novak,P (2254) CZE-chTJ 0102 2001 (2)}) 12. Qe2 b5 13. Be3 Nd7 14. Rae1 Bb7 15. f5 ({White should try} 15. Na2 $11) 15... Nde5 (15... Bf6 $1 $15) 16. Bh3 Bc8 17. Qf2 Rb8 18. Nd4 Nxd4 19. Bxd4 Bf6 20. Kh1 Re8 (20... b4 $5 21. Nd1 bxa3 22. bxa3 Rf8 $15) 21. g4 ({Better is} 21. b3 $15) 21... b4 $17 22. axb4 Rxb4 23. Rd1 Qc6 (23... Rxb2 24. g5 (24. Nd5 exd5 25. Bxb2 dxe4 $17) 24... Bxg5 25. fxe6 fxe6 26. Nd5 exd5 27. Bxc8 Rxc8 28. Bxb2 $11) (23... a5 $17 24. b3 h6) 24. g5 $11 Bxg5 25. fxe6 f6 26. Nd5 Rb8 27. Rg1 {[%emt 0:02:34] aiming for Bxe5.} Kh8 $2 (27... Bxe6 $11 28. Bxe6+ Rxe6) 28. Rdf1 $36 {[%emt 0:01:07][%cal Og1g5][%mdl 2048] And now Rxg5! would win. Keeping Black busy. White is more active.} (28. Bxe5 dxe5 29. Rdf1 Bf4 $11) 28... h6 (28... Bxe6 $2 29. Bxe6 a5 30. Bf5 $18) (28... Bb7 29. e7 Ng6) 29. Bf5 $2 (29. Bxe5 $18 {is the precise move to win.} dxe5 30. Rxg5 {[%mdl 64] Remove Defender} hxg5 31. Qf3 Bxe6 32. Qh5+ Kg8 33. Nxf6+ gxf6 34. Qg6+ Kh8 35. Qxf6+ Kh7 36. Bf5+ Bxf5 37. Qxc6) 29... Bxe6 30. Bxe6 Rxe6 31. h4 Bxh4 $2 {[%emt 0:01:15][%mdl 8192] This move loses the game for Black.} 32. Qxh4 $18 {[%emt 0:00:06][%cal Og1g7] Rxg7! is the strong threat.} Qxc2 $2 {[%emt 0:00:41] [#]} (32... Qc4) 33. Nxf6 (33. Rxg7 $142 $1 Kxg7 34. Bxe5 (34. Nxf6 Qd3 $11)) 33... Rf8 {[%emt 0:02:26] [#]} (33... Qd3 $142) 34. Qg3 $1 Qc7 $2 (34... Re7 35. Bxe5 dxe5) (34... g5 35. Rf2) 35. Nd5 {[%emt 0:00:28][%csl LRc7,LRf8][%cal Bf6d5,Bd5f4,Bf4g6,Bg6e5][%mdl 96] Discovered Attack} Qf7 36. Rxf7 {[%emt 0:00:15] White mates.} Rxf7 37. Nf4 Ref6 38. Bxe5 dxe5 39. Ng6+ Kh7 40. Nxe5 {[%emt 0:00:15] An entertaining game by Daemering.   Weighted Error Value: White=0.50/Black=0.61} 1-0

[Event "DFMM-LV 2023"]
[Site "Braunfels"]
[Date "2023.06.11"]
[Round "5.30"]
[White "Schneider, Birgit"]
[Black "Kosovska, Olena"]
[Result "0-1"]
[Annotator "NA RC COMBH"]
[ECO "C02"]
[WhiteElo "1855"]
[BlackElo "1894"]
[PlyCount "102"]
[EventDate "2023.06.09"]
[EventType "team-tourn"]
[EventCountry "GER"]
[SourceTitle "playchess.com"]
[Source "ChessBase"]
[SourceQuality "1"]
[TimeControl "40/5400+30:1800+30"]

1. e4 c5 2. c3 e6 3. d4 d5 4. e5 Nc6 5. Nf3 Nge7 6. a3 Nf5 7. b4 cxd4 8. cxd4 Be7 9. Be3 O-O 10. Nc3 f6 11. exf6 Bxf6 12. Be2 Nxe3 13. fxe3 Bh4+ 14. g3 Bf6 15. O-O Bd7 16. Rc1 Ne7 17. e4 g6 18. Qb3 Bc8 19. e5 Bg7 20. Bd3 Bh6 21. Rce1 Bd7 22. Na4 b6 23. Kg2 Rc8 24. Nh4 Nc6 25. Rxf8+ Qxf8 26. Nf3 Ne7 27. Nc3 Nf5 28. Bxf5 Qxf5 29. Nd1 Rc2+ 30. Nf2 Bb5 31. Qb1 Bd3 32. Qd1 Ra2 33. Kg1 Be4 34. Kg2 $19 (34. Nxe4 $11 dxe4 35. Qb3 Qxf3 36. Qxa2 Be3+ 37. Rxe3 Qxe3+ 38. Kg2 Qf3+ 39. Kg1) 34... Rxa3 35. Nxe4 dxe4 36. Nh4 Ra2+ 37. Re2 Qg4 38. Kf1 Rxe2 39. Qxe2 Qxe2+ 40. Kxe2 a5 41. Ng2 a4 42. Kd1 b5 43. Ne1 Kf7 44. Nc2 Ke8 45. Na3 Bf8 46. Nxb5 Bxb4 47. Nc7+ Kd7 48. Na6 Ba3 49. Ke2 Kc6 50. Ke3 Kb7 51. Nc5+ Bxc5 0-1

[Event "DFMM-LV 2023"]
[Site "Braunfels"]
[Date "2023.06.11"]
[Round "5.31"]
[White "Lowke, Kathrin"]
[Black "Kohm, Vanessa"]
[Result "1-0"]
[Annotator "NA RC COMBH"]
[ECO "B76"]
[WhiteElo "1848"]
[BlackElo "1769"]
[PlyCount "69"]
[EventDate "2023.06.09"]
[EventType "team-tourn"]
[EventCountry "GER"]
[SourceTitle "playchess.com"]
[Source "ChessBase"]
[SourceQuality "1"]
[TimeControl "40/5400+30:1800+30"]

1. e4 c5 2. Nf3 Nc6 3. d4 cxd4 4. Nxd4 g6 5. Nc3 Bg7 6. Be3 d6 7. Qd2 Nf6 8. f3 O-O 9. O-O-O Nxd4 10. Bxd4 Be6 11. Kb1 a6 12. g4 b5 13. h4 h5 $18 (13... b4 $16) 14. gxh5 Nxh5 15. Bxg7 Kxg7 16. Be2 Rh8 17. Rdg1 Qa5 18. Qd4+ f6 19. Nd5 Kf7 20. f4 Ng7 21. Rg2 Rag8 22. Rhg1 Rxh4 23. Rxg6 Rh7 24. Rxf6+ Ke8 25. Rxe6 Nxe6 26. Rxg8+ Kf7 27. Qg1 Ng7 28. Rc8 Qd2 29. f5 Qh6 30. Rc7 Qh1 31. Rxe7+ Kf8 32. Qd1 Qg2 33. Nf4 Qf2 34. Ng6+ Kg8 35. Qd5+ 1-0

[Event "DFMM-LV 2023"]
[Site "Braunfels"]
[Date "2023.06.11"]
[Round "5.32"]
[White "Farhadyar, Kiana"]
[Black "Nobis, Martina"]
[Result "1/2-1/2"]
[Annotator "NA RC COMBH"]
[ECO "B07"]
[WhiteElo "1530"]
[BlackElo "1834"]
[PlyCount "95"]
[EventDate "2023.06.09"]
[EventType "team-tourn"]
[EventCountry "GER"]
[SourceTitle "playchess.com"]
[Source "ChessBase"]
[SourceQuality "1"]
[TimeControl "40/5400+30:1800+30"]

1. e4 g6 2. d4 Bg7 3. Nf3 d6 4. Bd3 Nf6 5. O-O O-O 6. Nbd2 Nbd7 7. Re1 c5 8. c3 Qc7 9. Nf1 c4 10. Bc2 b5 11. a4 Rb8 12. axb5 Rxb5 13. Qe2 Rb8 14. Ne3 Nb6 15. Nd2 Be6 16. d5 Bd7 17. Nexc4 Bb5 18. Bd3 Na4 19. Nf3 Nc5 20. Nfd2 Rfc8 21. Ne5 Nxd3 22. Nxd3 Nd7 23. Qe3 a5 24. Nf3 Qc4 25. Rd1 Qb3 26. Qd2 Bh6 27. Nd4 Bxd2 28. Nxb3 Bxd3 29. Nxd2 a4 30. f3 Nc5 31. Nf1 Bc2 32. Re1 Nb3 33. Ra2 Nc5 34. Bg5 f6 35. Be3 Nd3 36. Re2 Bb3 37. Ra1 Ra8 38. Nd2 Nxb2 39. Nxb3 axb3 40. Rxa8 Rxa8 41. Rxb2 Ra1+ 42. Kf2 Ra2 43. Bc1 Ra1 44. Rxb3 Rxc1 45. Rb8+ Kf7 46. Rc8 Rc2+ 47. Kg3 Kg7 48. Rc7 1/2-1/2

[Event "DFMM-LV 2023"]
[Site "Braunfels"]
[Date "2023.06.11"]
[Round "5.33"]
[White "Wagner, Margarethe"]
[Black "Krasnopeyeva, Julia"]
[Result "1/2-1/2"]
[Annotator "NA RC COMBH"]
[ECO "B42"]
[WhiteElo "1831"]
[BlackElo "1895"]
[PlyCount "115"]
[EventDate "2023.06.09"]
[EventType "team-tourn"]
[EventCountry "GER"]
[SourceTitle "playchess.com"]
[Source "ChessBase"]
[SourceQuality "1"]
[TimeControl "40/5400+30:1800+30"]

1. e4 c5 2. Nf3 e6 3. d4 cxd4 4. Nxd4 a6 5. Bd3 Bc5 6. Nb3 Ba7 7. O-O Nc6 8. Qe2 {[%emt 0:01:05] 8.Qe2 scores better than 8.Qg4.} d6 9. Be3 Nf6 10. c4 {[%emt 0:03:53] 10.Bxa7 is not played anymore.} O-O 11. Bxa7 Rxa7 12. Nc3 e5 13. Rad1 Be6 {[%emt 0:01:42] [#]} 14. f3 $146 ({Predecessor:} 14. Qe3 Ra8 15. Be2 Qc7 16. Rc1 Ne7 17. Nd5 Bxd5 18. cxd5 Qd7 19. Na5 Rfc8 20. Nc4 {0-1 Mammadzada,G (2459)-Praggnanandhaa,R (2617) Hou Yifan Challenge rapid 2021 (9)}) 14... Ra8 15. Bb1 Rc8 16. Nd5 Kh8 17. Rd2 Ng8 18. Rfd1 Na5 19. Nxa5 Qxa5 20. b3 Rc6 21. Kh1 Rfc8 22. Ne3 Qc7 23. Nc2 Qb6 24. Rd3 Rd8 25. Qd2 a5 26. a4 Nf6 27. Na3 Ne8 28. Nb5 Rd7 29. Bc2 Qd8 30. g3 b6 31. Kg2 h6 32. h3 Qe7 33. f4 exf4 34. gxf4 f6 35. Re1 Rc5 36. Bd1 Bf7 37. Bg4 Be6 38. Bf3 Bf7 39. Nd4 Bg6 40. Rde3 Nc7 41. Bg4 Rd8 42. Bf5 Qf7 43. Bxg6 Qxg6+ 44. Rg3 $16 Qe8 45. f5 Re5 46. Rge3 Qd7 47. Nf3 Ree8 48. Rd3 Na6 49. Rd1 Qb7 50. Rxd6 Rxd6 51. Qxd6 Qxe4 52. Re1 Qc2+ 53. Kg1 Rxe1+ 54. Nxe1 Qxb3 55. Qe6 Qg3+ 56. Ng2 Qb8 57. Nf4 Qxf4 58. Qe8+ 1/2-1/2

[Event "DFMM-LV 2023"]
[Site "Braunfels"]
[Date "2023.06.11"]
[Round "5.34"]
[White "Mader, Lena"]
[Black "Albayrak, Nese Pinar"]
[Result "1/2-1/2"]
[Annotator "NA RC COMBH"]
[ECO "A24"]
[WhiteElo "1778"]
[BlackElo "1763"]
[PlyCount "50"]
[EventDate "2023.06.09"]
[EventType "team-tourn"]
[EventCountry "GER"]
[SourceTitle "playchess.com"]
[Source "ChessBase"]
[SourceQuality "1"]
[TimeControl "40/5400+30:1800+30"]

1. c4 Nf6 2. g3 g6 3. Bg2 Bg7 4. Nf3 d6 5. O-O O-O 6. Nc3 e5 7. d3 a5 8. Rb1 Nbd7 9. a3 c6 10. b4 axb4 11. axb4 Re8 12. b5 Nc5 13. Bb2 Bf5 14. Nd2 Qd7 15. Re1 e4 16. dxe4 Nfxe4 17. Ndxe4 Nxe4 18. Bxe4 Bxe4 19. Nxe4 Rxe4 20. Bxg7 Kxg7 21. Qc2 Qe6 22. Rbc1 Kg8 23. e3 Re5 24. Rb1 Rc5 25. Rec1 Qd7 1/2-1/2

[Event "DFMM-LV 2023"]
[Site "Braunfels"]
[Date "2023.06.11"]
[Round "5.35"]
[White "Albayrak, Berrak"]
[Black "Anisimova, Mariya"]
[Result "1/2-1/2"]
[Annotator "NA RC COMBH"]
[ECO "A05"]
[WhiteElo "1664"]
[BlackElo "1649"]
[PlyCount "55"]
[EventDate "2023.06.09"]
[EventType "team-tourn"]
[EventCountry "GER"]
[SourceTitle "playchess.com"]
[Source "ChessBase"]
[SourceQuality "1"]
[TimeControl "40/5400+30:1800+30"]

1. Nf3 Nf6 2. g3 g6 3. Bg2 Bg7 4. O-O d6 5. d3 O-O 6. e4 e5 7. c3 Nc6 8. Nbd2 Nd7 9. a4 f5 10. b4 h6 11. Nh4 Ne7 12. Qb3+ Kh7 13. f4 Nf6 14. Bb2 exf4 15. gxf4 fxe4 16. Nxe4 Ng4 17. Bc1 d5 18. Nf2 d4 19. Nxg4 Bxg4 20. c4 c6 21. Bd2 Qd7 22. b5 Bh3 23. bxc6 Nxc6 24. Bxh3 Qxh3 25. Qxb7 Rac8 26. Nf3 Rfe8 27. Rae1 Rf8 28. Rf2 1/2-1/2

[Event "DFMM-LV 2023"]
[Site "Braunfels"]
[Date "2023.06.11"]
[Round "5.36"]
[White "Mueller, Riyanna"]
[Black "Prinzen, Siri Marleen"]
[Result "1-0"]
[Annotator "NA RC COMBH"]
[ECO "B15"]
[WhiteElo "1687"]
[BlackElo "1724"]
[PlyCount "99"]
[EventDate "2023.06.09"]
[EventType "team-tourn"]
[EventCountry "GER"]
[SourceTitle "playchess.com"]
[Source "ChessBase"]
[SourceQuality "1"]
[TimeControl "40/5400+30:1800+30"]

1. e4 c6 2. d4 d5 3. f3 g6 4. Nc3 Bg7 5. Be3 e6 6. e5 Ne7 7. f4 Nd7 8. Nf3 b6 9. Bd3 Nf5 10. Bf2 c5 11. Bxf5 exf5 12. Bh4 f6 13. Nxd5 Bb7 14. dxc5 Nxc5 15. Nxf6+ Bxf6 16. Bxf6 Qxd1+ 17. Rxd1 Bxf3 18. gxf3 O-O 19. Be7 Rfc8 20. c3 Ne6 21. Bg5 Rc4 22. Kf2 Re8 23. Rhe1 b5 24. Rd5 a6 25. Re3 Nxf4 26. Bxf4 Rxf4 27. Rd4 g5 28. Rxf4 gxf4 29. Re2 Kf7 30. e6+ Ke7 31. Ke1 Rg8 32. Kd2 Rg1 33. Re5 Rg2+ 34. Re2 Rg1 35. Rf2 Kxe6 36. Kc2 Re1 37. Kb3 Ra1 38. a3 Rd1 39. Kb4 Rd6 40. Kc5 Rd5+ 41. Kb4 Rd6 42. Re2+ Kf6 43. a4 bxa4 44. Kxa4 Rd3 45. Rf2 Rd5 46. c4 Rd4 47. b3 Ke6 48. Re2+ Kd6 49. Re8 Kd7 50. Re5 1-0

[Event "DFMM-LV 2023"]
[Site "Braunfels"]
[Date "2023.06.11"]
[Round "5.37"]
[White "Stark, Amalia"]
[Black "Moench, Dorothee"]
[Result "0-1"]
[Annotator "NA RC COMBH"]
[ECO "B07"]
[WhiteElo "1499"]
[BlackElo "1722"]
[PlyCount "106"]
[EventDate "2023.06.09"]
[EventType "team-tourn"]
[EventCountry "GER"]
[SourceTitle "playchess.com"]
[Source "ChessBase"]
[SourceQuality "1"]
[TimeControl "40/5400+30:1800+30"]

1. e4 d6 2. d4 Nf6 3. Nc3 g6 4. Bc4 Bg7 5. h3 O-O 6. Bg5 h6 7. Bh4 a6 8. f4 b5 9. Bd3 Bb7 10. a3 c5 11. d5 c4 12. Be2 Nbd7 13. Nf3 Nc5 14. Nd2 Qc7 15. Bf3 e6 16. O-O exd5 17. exd5 Rfe8 18. Re1 Rxe1+ 19. Qxe1 Re8 20. Qf1 Ncd7 21. Bf2 Nb6 22. Bxb6 Qxb6+ 23. Qf2 Qxf2+ 24. Kxf2 Nd7 25. Rb1 f5 26. g4 Bd4+ 27. Kg3 Bxc3 28. bxc3 Nb6 29. Nf1 Na4 30. gxf5 Nxc3 31. Ra1 gxf5 32. Bh5 Re7 33. Bf3 Kg7 34. Kh4 Bxd5 35. Bh5 Be4 36. Ng3 d5 37. Rg1 Kf8 38. Bg6 d4 39. Nxf5 Bxf5 40. Bxf5 Rf7 41. Bg6 Rxf4+ 42. Kh5 Rf3 43. h4 d3 44. Re1 Ne2 45. Kxh6 Rf6 46. cxd3 cxd3 47. Kg5 d2 48. Rxe2 Rxg6+ 49. Kxg6 d1=Q 50. Rf2+ Ke8 51. Rf6 Qg4+ 52. Kh7 Qxh4+ 53. Rh6 Qe7+ 0-1

[Event "DFMM-LV 2023"]
[Site "Braunfels"]
[Date "2023.06.11"]
[Round "5.38"]
[White "Richter, Johanna"]
[Black "Alferova, Emily"]
[Result "1-0"]
[Annotator "NA RC COMBH"]
[ECO "D35"]
[WhiteElo "1470"]
[BlackElo "1612"]
[PlyCount "54"]
[EventDate "2023.06.09"]
[EventType "team-tourn"]
[EventCountry "GER"]
[SourceTitle "playchess.com"]
[Source "ChessBase"]
[SourceQuality "1"]
[TimeControl "40/5400+30:1800+30"]

1. d4 d5 2. c4 c6 3. Nf3 Nf6 4. Bg5 e6 5. e3 Be7 6. Nc3 Nbd7 7. cxd5 exd5 8. Bd3 h6 9. Bh4 O-O 10. O-O b6 11. Qc2 Bb7 12. a3 c5 13. dxc5 Bxc5 14. Rfd1 a6 15. Bf5 Qe8 16. Bxd7 Qxd7 17. Bxf6 gxf6 18. Nxd5 Qe6 19. Nc7 Qg4 20. Nd5 Qe6 21. Nf4 Qg4 22. h3 Qc8 23. Qe2 Kh8 24. Rac1 Qf5 25. b4 Be7 26. Rc7 Bxf3 27. Qxf3 Rae8 1-0